Map: Kerrigan's Demise

Players

Alarak

  • Race: Protoss Protoss

DingoWingo

  • Race: Zerg Zerg

jabkiller - Winner!

  • Race: Terran Terran

Priest - Winner!

  • Race: Terran Terran
  • League: Master

Alchemist - Winner!

  • Race: Protoss Protoss
  • Spawn Location: 9:00

SKIPPY - Winner!

  • Race: Terran Terran

Toth

  • Race: Zerg Zerg

Malfo

  • Race: Zerg Zerg
  • Spawn Location: 9:00

Lawliet - Winner!

  • Race: Protoss Protoss

VOD

Have the link to the VOD?

Description

UED air tutorial

Time

  • Played on: Nov. 24, 2024, 10:53 p.m.
  • Length: 33:26
Show
View Real Time Build Order
Export as new Build Order

Alarak Protoss 

Build Orders:  

Get SALT Encoding   

  52  0:01  Unknown x2  
  12  1:03  Unknown x4  
  25  2:01  Unknown  
  25  2:07  Unknown x5  
  43  3:12  Unknown x5  
  62  4:01  Unknown x2  
  62  4:10  Unknown  
  62  4:16  Unknown x6  
  85  5:20  Unknown x6  
  109  6:01  Unknown  
  109  6:25  Unknown x8  
  106  7:29  Unknown x8  
  133  8:01  Unknown x3  
  50  8:33  Unknown x11  
  98  9:37  Unknown x11  
  42  10:02  Unknown  
    10:42  Unknown x13  
  66  11:46  Unknown x13  
  133  11:53  Unknown x13  
  188  12:05  Unknown  
    12:50  Unknown x18  
  93  13:55  Unknown x19  
  72  14:33  Unknown  
  26  14:59  Unknown x20  
  129  16:03  Unknown x20  
  137  16:34  Unknown x2  
  77  17:07  Unknown x21  
  19  18:12  Unknown x21  
  127  18:33  Unknown  
  121  19:16  Unknown x23  
  112  20:20  Unknown x23  
  120  20:36  Unknown  
  120  20:38  Unknown  
  108  21:25  Unknown x26  
  134  22:29  Unknown x26  
  271  22:35  Unknown  
  271  22:40  Unknown x13  
  143  24:37  Unknown x32  
  136  25:42  Unknown x31  
  79  26:40  Unknown  
  79  26:46  Unknown x34  
  157  28:40  Unknown  
  147  28:55  Unknown x36  
  6  30:41  Unknown  
  6  31:03  Unknown x37  
    32:07  Unknown x37  
Show
View Real Time Build Order
Export as new Build Order

DingoWingo Zerg 

Build Orders:  

Get SALT Encoding   

  73  0:01  Unknown  
    0:27  Queen  
    0:39  Hydralisk x4, Mutalisk  
    0:46  Zergling x10  
    1:03  Unknown  
  30  1:30  Unknown x2  
  30  1:31  Queen  
  26  1:43  Hydralisk x4, Mutalisk x2  
  18  1:50  Zergling x10  
  15  2:07  Unknown x2  
  51  2:36  Queen  
  51  2:48  Hydralisk x4, Mutalisk x3  
  51  2:54  Unknown x2  
  51  2:55  Zergling x10  
  51  3:12  Unknown x2  
  91  3:40  Queen  
  41  3:52  Hydralisk x4, Mutalisk x3  
    3:59  Zergling x10  
    4:16  Unknown x2  
  40  4:20  Unknown  
  29  4:44  Queen  
    4:56  Hydralisk x4, Mutalisk x4  
    5:03  Zergling x8  
    5:20  Unknown x4  
  42  5:49  Queen  
  42  5:51  Unknown x2  
  42  6:01  Hydralisk x4, Mutalisk x5  
  41  6:08  Zergling x8  
  41  6:25  Unknown x6  
  96  6:53  Queen  
  96  7:05  Hydralisk x5, Mutalisk x5  
  96  7:12  Zergling x9  
  96  7:24  Unknown x2  
  96  7:29  Unknown x6  
  150  7:57  Queen  
  150  8:09  Hydralisk x3, Mutalisk x5  
  150  8:16  Zergling x6  
  150  8:33  Unknown x6  
  202  9:01  Queen  
  202  9:13  Hydralisk x3, Mutalisk x5  
  202  9:19  Unknown x2  
  202  9:20  Zergling x7  
  151  9:37  Unknown x6  
  53  10:06  Queen  
  49  10:18  Hydralisk x3, Mutalisk x5  
  49  10:25  Zergling x5  
  49  10:42  Unknown x6  
  103  11:10  Queen  
  103  11:13  Unknown x2  
  69  11:22  Hydralisk x3, Mutalisk x5  
  49  11:29  Zergling x6  
  17  11:46  Unknown x6  
  61  12:14  Queen  
  61  12:26  Hydralisk x4, Mutalisk x5  
  61  12:33  Zergling x7  
  61  12:39  Unknown  
  53  12:50  Unknown x6  
  58  13:18  Queen  
  50  13:31  Hydralisk x2, Mutalisk x5  
  50  13:38  Zergling x4  
  37  13:55  Unknown x6  
  87  14:23  Queen  
  62  14:35  Hydralisk x2, Mutalisk x5  
  38  14:42  Zergling x4  
  28  14:59  Unknown x6  
  78  15:12  Unknown  
  78  15:39  Hydralisk x2, Mutalisk x5  
  78  15:46  Zergling x2  
  70  16:03  Unknown x6  
  114  16:43  Hydralisk x2, Mutalisk x5  
  114  16:50  Zergling x2  
  112  17:07  Unknown x6  
  135  17:28  Unknown  
  135  17:48  Hydralisk x3, Mutalisk x5  
  135  17:55  Zergling x3  
  116  18:12  Unknown x6  
  147  18:40  Queen  
  147  18:52  Hydralisk x3  
  147  18:53  Unknown x2  
  147  18:59  Zergling x5  
  164  19:44  Queen  
  164  19:56  Hydralisk x3  
  164  20:03  Zergling x5  
  146  20:32  Unknown x2  
  146  20:46  Ultralisk  
  146  20:49  Queen  
  146  21:01  Hydralisk x4  
  146  21:08  Zergling x6  
  172  21:50  Ultralisk  
  172  21:53  Queen x2  
  172  21:57  Unknown x2  
  172  22:05  Hydralisk x4, Mutalisk  
  172  22:12  Zergling x8  
  208  22:54  Ultralisk x2  
  208  22:57  Queen x2  
  208  23:09  Hydralisk x5, Mutalisk x2  
  208  23:16  Zergling x10  
  156  23:22  Unknown x2  
  206  23:58  Ultralisk x2  
  206  24:01  Queen x2  
  206  24:13  Hydralisk x5, Mutalisk x2  
  117  24:20  Zergling x10  
  58  24:49  Unknown x2  
  57  25:03  Ultralisk x2  
  57  25:06  Queen x2  
  57  25:18  Hydralisk x5, Mutalisk x2  
  57  25:25  Zergling x12  
  57  25:42  Unknown x2  
  101  26:07  Ultralisk x3  
  101  26:10  Queen x2  
  26  26:15  Unknown x2  
    26:22  Hydralisk x7, Mutalisk x3  
    26:29  Zergling x14  
    26:46  Unknown x2  
  78  27:11  Ultralisk x3  
  78  27:14  Queen x2  
  64  27:26  Hydralisk x7, Mutalisk x3  
  56  27:33  Zergling x14  
  27  27:50  Unknown x2  
  43  28:16  Ultralisk x3  
  43  28:19  Queen x2  
    28:31  Hydralisk x7, Mutalisk x3  
    28:37  Zergling x14  
    28:55  Unknown x2  
Show
View Real Time Build Order
Export as new Build Order

jabkiller Terran - Winner!

Build Orders:  

Get SALT Encoding   

  6  0:00  Observer, Unknown  
  20  0:18  Unknown  
  20  0:45  Marine x2  
  20  0:53  Unknown  
  24  1:49  Marine x3  
  24  2:03  Unknown x2  
  24  2:07  Unknown x2  
  32  2:34  Unknown  
  32  2:54  Marine x3  
  32  3:12  Unknown  
  40  3:47  Unknown x2  
  40  3:58  Marine x3  
  40  4:16  Unknown x2  
  53  4:59  Hellion  
  53  5:02  Marine x3  
  53  5:19  Unknown x2  
  53  5:20  Unknown x3  
  75  6:04  Hellion  
  75  6:06  Marine x3  
  75  6:25  Unknown x4  
  97  6:36  Unknown x36  
  91  6:54  Unknown x2  
  91  6:57  Siege Tank  
  81  7:08  Hellion x2  
  73  7:11  Marine x3  
  73  7:16  Unknown x29  
  73  7:29  Unknown x3  
  77  7:33  Unknown x9  
  77  7:39  Ghost x4  
  77  7:50  Marine x12  
  77  7:56  Unknown x11  
  77  8:00  Unknown x4  
  77  8:01  Siege Tank  
  77  8:08  Unknown x4  
  77  8:12  Hellion x2  
  77  8:15  Marine x4  
  77  8:29  Unknown x2  
  77  8:33  Unknown x4  
  113  8:52  Unknown x2  
  111  9:05  Siege Tank x2  
  111  9:15  Unknown x23  
  111  9:16  Hellion x2  
  111  9:19  Marine x4  
  75  9:37  Unknown x5  
  122  9:40  Unknown x11  
  122  10:10  Siege Tank x2  
  122  10:21  Hellion x2  
  122  10:24  Marine x4  
  122  10:30  Unknown  
  122  10:42  Unknown x6  
  169  10:45  Unknown  
  159  11:14  Siege Tank x2  
  159  11:25  Hellion x2  
  159  11:28  Marine x5  
  159  11:46  Unknown x6  
  210  12:22  Unknown x2  
  210  14:02  Unknown  
  222  14:14  Unknown x49  
  174  15:09  Unknown  
  73  15:18  Unknown x13  
  64  15:31  Siege Tank x2  
  64  15:34  Ghost  
  64  15:35  Unknown x2  
  64  15:40  Unknown  
  64  15:42  Hellion x2, Marauder x2  
  64  15:45  Marine x8  
  64  16:03  Unknown x9  
  141  16:06  Unknown x22  
  66  16:35  Siege Tank x2  
  66  16:38  Ghost  
  66  16:39  Unknown  
  64  16:46  Hellion x2, Marauder x2  
  64  16:49  Marine x8  
  64  17:07  Unknown x9  
  141  17:12  Unknown  
  141  17:19  Unknown x2  
  151  17:40  Siege Tank x2  
  151  17:43  Ghost  
  137  17:48  Unknown x31  
  137  17:51  Hellion x2, Marauder x2  
  137  17:52  Unknown x3  
  137  17:54  Marine x8  
  137  18:09  Unknown  
  137  18:12  Unknown x9  
  214  18:14  Unknown x22  
  193  18:44  Siege Tank x2  
  193  18:47  Ghost  
  159  18:55  Hellion x2, Marauder x2  
  155  18:58  Unknown, Marine x8  
  115  19:16  Unknown x14  
  192  19:34  Unknown x24  
  182  20:24  Unknown  
  182  20:28  Unknown  
  182  20:34  Unknown  
  182  20:41  Unknown  
  182  21:47  Unknown x27  
  182  21:51  Unknown  
  182  21:57  Siege Tank x2  
  182  22:00  Ghost  
  182  22:08  Hellion x2, Marauder x2  
  180  22:11  Marine x8  
  152  22:29  Unknown x9  
  209  22:48  Unknown x9  
  197  23:00  Unknown x20  
  197  23:01  Siege Tank x2  
  197  23:04  Ghost  
  197  23:07  Unknown  
  197  23:11  Unknown x2  
  197  23:12  Hellion x2, Marauder x2  
  197  23:15  Marine x8  
  197  23:33  Unknown x9  
  121  24:54  Unknown  
Show
View Real Time Build Order
Export as new Build Order

Priest Terran - Winner!

Build Orders:  

Get SALT Encoding   

  80  0:00  Ghost x28, Marine x84, Unknown x38  
  73  0:34  Ghost  
  73  0:45  Marine x3  
  73  1:03  Unknown x3  
  99  1:05  Medivac  
  99  1:35  Unknown  
  99  1:38  Ghost  
  99  1:49  Marine x3  
  99  2:07  Unknown x4  
  132  2:43  Ghost  
  132  2:54  Marine x3  
  132  3:07  Unknown x2  
  132  3:12  Unknown x5  
  172  3:47  Ghost  
  152  3:58  Marine x3  
  152  4:16  Unknown x5  
  190  4:41  Unknown x2  
  190  4:51  Ghost  
  190  5:02  Marine x3  
  181  5:20  Unknown x7  
  224  5:56  Ghost  
  216  6:06  Marine x3  
  167  6:15  Unknown  
  139  6:25  Unknown x8  
  184  7:00  Ghost  
  136  7:11  Marine x3  
  123  7:29  Unknown x8  
  164  7:49  Unknown  
  141  7:56  Ghost x10  
  141  8:01  Siege Tank  
  141  8:04  Ghost  
  141  8:07  Marine x15  
  141  8:15  Marine x5  
  134  8:25  Unknown x34  
  98  8:33  Battlecruiser, Unknown x10  
  59  9:05  Siege Tank  
  59  9:08  Ghost  
  59  9:19  Marine x5  
  59  9:20  Unknown  
  59  9:22  Unknown x2  
  59  9:37  Unknown x11  
  59  9:38  Battlecruiser  
  161  10:10  Siege Tank  
  161  10:13  Ghost  
  140  10:24  Marine x5  
  133  10:42  Battlecruiser x2, Unknown x11  
  235  10:56  Unknown  
  235  11:14  Siege Tank  
  235  11:17  Ghost  
  158  11:28  Marine x5  
  116  11:46  Battlecruiser x3, Unknown x13  
  216  12:18  Siege Tank  
  216  12:20  Unknown  
  216  12:21  Ghost  
  216  12:31  Unknown  
  216  12:32  Marine x5  
  189  12:50  Unknown x14  
  189  12:51  Battlecruiser x3  
  266  13:23  Siege Tank  
  266  13:26  Ghost  
  112  13:37  Marine x5  
  14  13:55  Battlecruiser x3, Unknown x14  
  163  14:06  Unknown x2  
  121  14:27  Siege Tank  
  121  14:30  Ghost x2  
  75  14:41  Marine x6  
  40  14:59  Battlecruiser x3, Unknown x15  
  171  15:31  Siege Tank  
  171  15:34  Ghost x2  
  171  15:40  Unknown  
  171  15:45  Marine x7  
  108  16:03  Battlecruiser x3, Unknown x16  
  232  16:35  Siege Tank  
  232  16:38  Ghost x2  
  232  16:49  Marine x7  
  86  17:07  Unknown x16  
  86  17:08  Battlecruiser x2  
  252  17:13  Unknown  
  166  17:40  Siege Tank  
  166  17:43  Ghost x3  
  166  17:54  Marine x9  
  164  18:12  Battlecruiser x2, Unknown x18  
  213  18:23  Marine x48  
  199  18:41  Unknown x12  
  170  18:44  Siege Tank x2  
  170  18:46  Unknown x2  
  170  18:47  Ghost x3  
  160  18:58  Marine x14  
  160  19:16  Unknown x21  
  266  19:48  Siege Tank x2  
  266  19:51  Ghost x4  
  259  20:02  Marine x16  
  197  20:20  Unknown x23  
  297  20:36  Battlecruiser x3  
  297  20:37  Battlecruiser x3  
  297  20:38  Battlecruiser x3  
  297  20:39  Battlecruiser  
  308  21:53  Unknown  
  294  21:57  Siege Tank x3  
  294  22:00  Ghost x5  
  273  22:11  Marine x17  
  273  22:29  Unknown x24  
  332  22:32  Ghost x7  
  332  22:43  Marine x21  
  332  23:01  Siege Tank x4, Unknown x7  
  332  23:04  Ghost x5  
  275  23:15  Marine x19  
  147  23:28  Unknown x2  
  147  23:33  Battlecruiser x2, Unknown x26  
  370  24:05  Siege Tank x4  
  370  24:08  Ghost x5  
  271  24:19  Marine x19  
  133  24:37  Unknown x25  
  133  24:38  Battlecruiser x3  
  377  24:39  Unknown  
  377  24:40  Unknown  
  268  25:01  Unknown  
  207  25:10  Siege Tank x5  
  207  25:13  Ghost x5  
  165  25:24  Marine x23  
  38  25:42  Battlecruiser x3, Unknown x26  
  245  26:14  Siege Tank x7, Unknown  
  245  26:17  Ghost x5  
  235  26:25  Unknown  
  159  26:28  Marine x27  
  57  26:35  Unknown x2  
  57  26:46  Battlecruiser x3, Unknown x27  
  312  27:18  Siege Tank x7  
  312  27:21  Ghost x5  
  70  27:32  Marine x28  
  17  27:48  Unknown  
  17  27:50  Unknown x29  
  17  27:51  Battlecruiser x3  
  318  28:00  Unknown  
  318  28:09  Unknown  
  300  28:22  Siege Tank x8  
  300  28:26  Ghost x5  
  188  28:37  Marine x30  
  10  28:55  Battlecruiser x3, Unknown x31  
  332  29:22  Unknown  
  346  29:27  Siege Tank x10  
  346  29:30  Ghost x5  
  342  29:34  Unknown  
  338  29:41  Marine x35  
  338  29:42  Unknown x2  
  241  29:59  Battlecruiser x2, Unknown x34  
  428  30:31  Siege Tank x10  
  428  30:34  Ghost x5  
  416  30:45  Marine x35  
  170  31:03  Battlecruiser x2, Unknown x35  
  521  31:08  Unknown  
  521  31:10  Unknown  
  407  31:35  Siege Tank x11  
  407  31:38  Ghost x6  
  226  31:49  Marine x36  
  167  32:07  Unknown x36  
  167  32:08  Battlecruiser x3  
  363  32:40  Siege Tank x11  
  363  32:41  Unknown  
  363  32:43  Ghost x7  
  363  32:44  Unknown  
  339  32:54  Marine x37  
  74  33:12  Unknown x39  
Show
View Real Time Build Order
Export as new Build Order

Alchemist Protoss - Winner!

Build Orders: Zealot Archon 

Get SALT Encoding   

  32  0:24  Dark Templar  
  32  0:33  Stalker  
  32  1:03  Unknown x2  
  41  1:28  Dark Templar x2  
  41  1:37  Stalker  
  41  1:45  Unknown x2  
  41  2:07  Unknown x3  
  55  2:21  Unknown x5  
  67  2:33  Dark Templar x2  
  67  2:42  Stalker  
  63  3:12  Unknown x3  
  70  3:37  Dark Templar x2  
  70  3:46  Stalker  
  70  4:16  Unknown x4  
  86  4:29  Unknown  
  86  4:41  Dark Templar x2  
  82  4:50  Stalker x2  
  71  5:20  Unknown x5  
  85  5:46  Dark Templar x3  
  74  5:55  Stalker x2  
  17  6:13  Unknown  
  17  6:16  Archon  
  17  6:25  Unknown x5  
  47  6:26  Unknown  
  47  6:50  Dark Templar x3  
  42  6:59  Stalker x2  
  24  7:20  Archon  
  24  7:29  Unknown x5  
  54  7:54  Dark Templar x4  
  54  7:58  Unknown  
  54  8:03  Stalker x3  
  54  8:24  Archon  
  54  8:33  Unknown x6  
  91  8:58  Dark Templar x5  
  91  9:07  Stalker x3  
  91  9:28  Archon  
  91  9:37  Unknown x6  
  132  9:43  Unknown  
  130  10:03  Dark Templar x6  
  130  10:12  Stalker x4  
  130  10:33  Archon x2  
  130  10:42  Unknown x8  
  191  11:28  Unknown  
  189  12:11  Dark Templar x7, High Templar  
  147  12:20  Stalker x4  
  28  12:41  Archon x2  
  28  12:50  Unknown x8  
  87  13:13  Unknown  
  87  13:16  Dark Templar x8, High Templar x2  
  85  13:25  Stalker x5  
  85  13:46  Archon x3  
  85  13:55  Unknown x8  
  150  14:20  Dark Templar x9, High Templar x2  
  149  14:29  Stalker x6  
  98  14:50  Archon x3  
  77  14:57  Unknown x2  
  77  14:59  Unknown x7  
  144  15:24  Dark Templar x9, High Templar x2  
  144  15:33  Stalker x6  
  144  15:54  Archon  
  144  16:03  Unknown x7  
  178  16:28  Dark Templar x10, High Templar x2  
  129  16:37  Stalker x6  
  101  16:44  Unknown  
  85  16:58  Archon x4  
  85  17:07  Unknown x7  
  181  17:33  Dark Templar x10, High Templar x2  
  179  17:42  Stalker x6  
  87  18:03  Archon x4  
  87  18:12  Unknown x7  
  181  18:47  Unknown  
  168  19:41  Dark Templar x11, High Templar x2  
  83  19:50  Stalker x7  
  59  20:11  Archon x4  
  59  20:20  Unknown x7  
  161  20:31  Unknown  
  114  20:46  Dark Templar x12, High Templar x2  
  53  20:55  Stalker x8  
  14  21:16  Archon x4  
  14  21:25  Unknown x8  
  124  21:50  Dark Templar x12, High Templar x2  
  124  21:59  Stalker x8  
  124  22:20  Archon x4  
  124  22:29  Unknown x8, Carrier  
  233  22:54  Dark Templar x13, High Templar x2  
  233  22:59  Unknown  
  233  23:03  Stalker x8  
  225  23:24  Archon x4  
  132  23:33  Unknown x10, Carrier  
  142  23:58  Dark Templar x13, High Templar x2  
  142  24:07  Stalker x8  
  127  24:28  Archon x4  
  127  24:37  Unknown x10  
  257  25:42  Carrier  
  223  26:07  Dark Templar x13, High Templar x2  
  171  26:16  Stalker x8  
  100  26:37  Archon x4  
  100  26:46  Unknown x10, Carrier  
  209  27:11  Dark Templar x13, High Templar x2  
  198  27:20  Stalker x8  
  141  27:41  Archon x4  
  141  27:50  Unknown x10  
  155  28:55  Carrier  
  149  29:20  Dark Templar x13, High Templar x2  
  149  29:29  Stalker x8  
  119  29:50  Archon x4  
  105  29:59  Unknown x10, Carrier  
  205  30:24  Dark Templar x8  
  183  30:33  Stalker x6  
  103  30:54  Archon x2  
  103  31:03  Unknown x10, Carrier  
  198  31:28  Dark Templar x8  
  188  31:37  Stalker x6  
  2  31:58  Archon x2  
  2  32:07  Unknown x10  
  2  32:08  Carrier  
  97  32:33  Dark Templar x8  
  97  32:42  Stalker x6  
  97  33:03  Archon x2  
  97  33:12  Unknown x10  
Show
View Real Time Build Order
Export as new Build Order

SKIPPY Terran - Winner!

Build Orders:  

Get SALT Encoding   

    0:00  Ghost x38, Unknown x38, Marine x114  
  52  0:34  Ghost  
  52  0:42  Marauder  
  52  0:45  Marine x5  
  52  1:03  Unknown  
  74  1:35  Unknown  
  74  1:38  Ghost  
  74  1:46  Marauder  
  70  1:49  Marine x6  
  70  2:07  Unknown x2  
  96  2:43  Ghost  
  96  2:51  Marauder  
  96  2:54  Marine x7  
  96  3:08  Unknown x2  
  96  3:12  Unknown x3  
  126  3:22  Ghost x12  
  126  3:33  Marine x16  
  118  3:47  Ghost  
  118  3:51  Unknown x17  
  118  3:55  Marauder  
  152  3:58  Marine x7  
  116  4:16  Unknown x3  
  64  4:41  Unknown  
  60  4:51  Ghost  
  58  4:59  Marauder  
  58  5:02  Marine x8  
  56  5:20  Unknown x4  
  62  5:53  Siege Tank  
  62  5:56  Ghost  
  62  6:04  Marauder  
  46  6:06  Marine x9  
  40  6:19  Unknown x2  
  40  6:25  Unknown x5  
  56  6:57  Siege Tank  
  56  7:00  Ghost  
  56  7:08  Marauder  
  60  7:11  Marine x9  
  54  7:29  Unknown x5  
  76  7:52  Unknown  
  64  8:01  Siege Tank  
  64  8:04  Ghost x2  
  84  8:12  Marauder  
  74  8:15  Marine x11  
  74  8:18  Marine x28  
  56  8:33  Unknown x8  
  119  8:36  Unknown x7  
  115  9:05  Siege Tank x2  
  115  9:08  Ghost x2  
  115  9:16  Marauder  
  115  9:19  Marine x14  
  115  9:25  Unknown  
  115  9:27  Siege Tank  
  115  9:30  Ghost x2  
  115  9:37  Unknown x10  
  202  9:41  Marine x7  
  200  9:59  Unknown x4  
  182  10:10  Siege Tank x2  
  182  10:13  Ghost x2  
  157  10:21  Marauder  
  151  10:24  Marine x14  
  122  10:42  Battlecruiser, Unknown x10  
  159  11:01  Unknown  
  93  11:14  Siege Tank x2  
  93  11:17  Ghost x3  
  101  11:25  Marauder  
  107  11:28  Marine x16  
  107  11:46  Battlecruiser, Unknown x12  
  82  12:18  Siege Tank x2  
  82  12:21  Ghost x3  
  102  12:29  Marauder  
  104  12:32  Marine x17  
  104  12:34  Siege Tank  
  90  12:37  Ghost x2  
  90  12:43  Unknown  
  98  12:48  Marine x7  
  98  12:50  Unknown x12  
  98  12:51  Battlecruiser  
  200  13:06  Unknown x4  
  214  13:23  Siege Tank x2  
  214  13:26  Ghost x3  
  214  13:33  Marauder  
  198  13:37  Marine x14  
  170  13:55  Unknown x11  
  272  14:19  Unknown x2  
  254  14:59  Battlecruiser  
  193  15:31  Siege Tank x2  
  193  15:34  Ghost x3  
  193  15:42  Marauder  
  193  15:45  Marine x15  
  191  15:54  Unknown  
  167  16:03  Battlecruiser, Unknown x13  
  171  16:35  Siege Tank x2  
  171  16:38  Ghost x3  
  171  16:46  Marauder  
  171  16:49  Marine x15  
  171  16:51  Siege Tank  
  169  16:54  Ghost x2  
  169  17:05  Marine x7  
  169  17:07  Unknown x13  
  169  17:08  Battlecruiser x2  
  283  17:23  Unknown x4  
  228  17:40  Siege Tank x2  
  228  17:43  Ghost x3  
  210  17:51  Marauder, Unknown x2  
  166  17:54  Marine x15  
  108  18:12  Battlecruiser x2, Unknown x14  
  179  18:44  Siege Tank x2  
  179  18:47  Ghost x3  
  111  18:55  Marauder  
  81  18:58  Marine x15  
  67  19:16  Battlecruiser x3, Unknown x14  
  181  19:38  Unknown  
  113  19:48  Siege Tank x2  
  113  19:51  Ghost x3  
  127  19:59  Marauder  
  137  20:02  Marine x15  
  135  20:20  Unknown x15  
  135  20:21  Battlecruiser x3  
  288  20:53  Siege Tank x2  
  288  20:56  Ghost x3  
  261  21:04  Marauder  
  228  21:07  Marine x15  
  202  21:25  Unknown x15  
  317  21:43  Unknown  
  247  22:29  Battlecruiser x3  
  91  23:01  Siege Tank x2  
  91  23:04  Ghost x4  
  91  23:12  Marauder  
  91  23:15  Marine x15  
  91  23:33  Battlecruiser x3, Unknown x15  
  169  23:59  Unknown x2  
  169  24:05  Siege Tank x2  
  169  24:08  Ghost x5  
  169  24:16  Marauder x2  
  169  24:19  Marine x15  
  169  24:37  Unknown x16  
  264  25:33  Unknown  
  223  25:42  Battlecruiser x3  
  221  25:59  Unknown  
  24  26:14  Siege Tank x2  
  24  26:17  Ghost x5  
  24  26:25  Marauder x3  
  24  26:28  Marine x15  
  24  26:46  Battlecruiser, Unknown x18  
  22  27:18  Siege Tank x2  
  22  27:21  Ghost x5  
  22  27:29  Marauder x3  
  22  27:32  Marine x12  
  22  27:50  Unknown x14  
  159  27:59  Unknown  
  10  28:26  Ghost x4  
  10  28:34  Marauder x4  
  10  28:55  Unknown x4  
  74  29:30  Ghost x4  
  74  29:38  Marauder x4  
  74  29:59  Unknown x4  
  138  30:34  Ghost x4  
  138  30:42  Marauder x4  
  138  31:03  Unknown x4  
  160  31:38  Ghost x4  
  108  31:46  Marauder x4  
  108  32:07  Unknown x4  
  74  32:43  Ghost x4  
  74  32:51  Marauder x4  
  74  33:12  Unknown x4  
Show
View Real Time Build Order
Export as new Build Order

Toth Zerg 

Build Orders:  

Get SALT Encoding   

    0:01  Unknown  
    0:39  Hydralisk x4  
    0:46  Zergling x6  
  16  1:27  Unknown x2  
  10  1:43  Hydralisk x4  
  10  1:50  Zergling x7  
  7  2:07  Unknown  
  25  2:48  Hydralisk x5  
  25  2:52  Unknown  
  25  2:55  Zergling x7  
  25  3:12  Unknown x2  
  47  3:52  Hydralisk x5  
  47  3:59  Zergling x7  
  47  4:16  Unknown x2  
  68  4:18  Unknown  
  68  4:56  Hydralisk x5  
  68  5:03  Zergling x8  
  68  5:20  Unknown x3  
  92  5:45  Unknown  
  92  5:46  Ultralisk  
  70  6:01  Hydralisk x7  
  45  6:08  Zergling x10  
  45  6:25  Unknown x4  
  82  6:50  Ultralisk  
  82  6:53  Queen  
  47  7:05  Hydralisk x7  
  22  7:11  Unknown x2  
  22  7:12  Zergling x11  
  20  7:29  Unknown x5  
  55  7:54  Ultralisk  
  55  7:57  Queen  
  29  8:09  Hydralisk x7  
  20  8:16  Zergling x11  
    8:33  Unknown x5  
  43  8:38  Unknown  
  16  8:58  Ultralisk x2  
  16  9:01  Queen  
  14  9:13  Hydralisk x8, Mutalisk  
  14  9:20  Zergling x12  
  14  9:37  Unknown x5  
  71  10:03  Ultralisk x2  
  71  10:04  Unknown x2  
  71  10:06  Queen x2  
  71  10:18  Hydralisk x8, Mutalisk  
  71  10:25  Zergling x13  
  71  10:42  Unknown x7  
  118  11:07  Ultralisk x2  
  118  11:10  Queen x2  
  22  11:22  Hydralisk x9, Mutalisk x2  
  10  11:29  Zergling x14  
  10  11:31  Unknown  
  10  11:46  Unknown x9  
  92  12:11  Ultralisk x2  
  92  12:14  Queen x2  
  14  12:26  Hydralisk x9, Mutalisk x2  
  14  12:33  Zergling x14  
  14  12:50  Unknown x9  
  95  12:57  Unknown  
  76  13:16  Ultralisk x3  
  76  13:18  Queen x2  
  63  13:31  Hydralisk x10, Mutalisk x2  
  63  13:38  Zergling x15  
  63  13:55  Unknown x10  
  14  14:20  Ultralisk x3  
  14  14:23  Queen x2  
  6  14:24  Unknown x2  
  6  14:35  Hydralisk x11, Mutalisk x2  
  6  14:42  Zergling x15  
  6  14:59  Unknown x11  
  42  15:24  Ultralisk x3  
  42  15:27  Queen x2  
    15:39  Hydralisk x12, Mutalisk x2  
    15:46  Zergling x16  
    15:54  Unknown x2  
    16:03  Unknown x11  
  35  16:28  Ultralisk x3  
  35  16:31  Queen x2  
    16:43  Hydralisk x12, Mutalisk x2  
    16:50  Zergling x16  
    17:07  Unknown x11  
  95  17:22  Unknown x3  
  95  17:33  Ultralisk x3  
  95  17:36  Queen x2  
  41  17:48  Hydralisk x13, Mutalisk x2  
  41  17:55  Zergling x17  
  41  18:12  Unknown x14  
  134  18:37  Ultralisk x4  
  134  18:40  Queen x3  
  19  18:49  Unknown  
  19  18:52  Hydralisk x14, Mutalisk x3  
  6  18:59  Zergling x19  
  6  19:16  Unknown x15  
  125  19:39  Unknown x2  
  125  19:41  Ultralisk x4  
  125  19:44  Queen x3  
  92  19:56  Hydralisk x15, Mutalisk x3  
  39  20:03  Zergling x20  
  39  20:20  Unknown x15  
  171  20:32  Unknown x2  
  171  20:46  Ultralisk x4  
  171  20:49  Queen x3  
  171  21:01  Hydralisk x16, Mutalisk x3  
  171  21:07  Unknown  
  171  21:08  Zergling x22  
  167  21:25  Unknown x15  
  53  21:50  Ultralisk x4  
  53  21:53  Queen x3  
  53  21:58  Unknown x2  
  44  22:05  Hydralisk x14, Mutalisk x3  
  44  22:12  Zergling x19  
  44  22:29  Unknown x15  
  165  22:37  Unknown x2  
  165  22:54  Ultralisk x4  
  165  22:57  Queen x4  
  165  23:09  Hydralisk x15, Mutalisk x3  
  161  23:16  Zergling x20  
  161  23:17  Unknown  
  116  23:33  Unknown x15  
  91  23:58  Ultralisk x4  
  91  24:01  Queen x4  
  91  24:04  Unknown  
  91  24:13  Hydralisk x15, Mutalisk x3  
  91  24:20  Zergling x22  
  91  24:37  Unknown x15  
  229  24:50  Unknown x2  
  155  25:03  Ultralisk x5  
  155  25:06  Queen x5  
  133  25:18  Hydralisk x17, Mutalisk x3  
  133  25:25  Zergling x26  
  133  25:30  Unknown x2  
  133  25:42  Unknown x16  
  193  26:07  Ultralisk x6  
  193  26:10  Queen x5  
  17  26:22  Hydralisk x18, Mutalisk x3  
  17  26:27  Unknown x2  
  17  26:29  Zergling x27  
  17  26:46  Unknown x17  
  114  27:11  Ultralisk x6  
  114  27:14  Queen x5  
  12  27:26  Hydralisk x18, Mutalisk x3  
  12  27:33  Zergling x27  
  12  27:50  Unknown x17  
  142  28:16  Ultralisk x6  
  142  28:19  Queen x5  
    28:31  Hydralisk x18, Mutalisk x3  
    28:37  Zergling x27  
    28:55  Unknown x17  
  168  29:20  Ultralisk x6  
  168  29:23  Queen x5  
  112  29:35  Hydralisk x18, Mutalisk x3  
  81  29:42  Zergling x27  
  73  29:59  Unknown x17  
  190  30:24  Ultralisk x4  
  190  30:27  Queen x5  
  119  30:39  Hydralisk x13, Mutalisk x3  
  106  30:46  Zergling x24  
  93  31:03  Unknown x13  
  205  31:28  Ultralisk x3  
  205  31:31  Queen x5  
  52  31:43  Hydralisk x10, Mutalisk x3  
  21  31:50  Zergling x20  
  6  32:07  Unknown x11  
Show
View Real Time Build Order
Export as new Build Order

Malfo Zerg 

Build Orders:  

Get SALT Encoding   

    0:01  Unknown  
    0:39  Hydralisk x3, Mutalisk  
    0:46  Zergling x5  
    1:03  Unknown x2  
  13  1:28  Unknown  
  10  1:43  Hydralisk x3, Mutalisk  
  7  1:50  Zergling x6  
  7  2:07  Unknown x3  
  6  2:48  Hydralisk x4, Mutalisk  
  6  2:55  Zergling x7  
  6  2:56  Unknown x2  
  6  3:12  Unknown x4  
  28  3:52  Hydralisk x4, Mutalisk  
  22  3:59  Zergling x7  
  22  4:16  Unknown x4  
  46  4:24  Unknown x2  
  33  4:56  Hydralisk x4, Mutalisk x2  
  32  5:03  Zergling x7  
  32  5:20  Unknown x5  
  32  5:21  Corruptor  
  34  5:50  Unknown  
  22  6:01  Hydralisk x4, Mutalisk x3  
  2  6:08  Zergling x7  
    6:25  Unknown x7  
  34  7:05  Hydralisk x2, Mutalisk x4  
  26  7:12  Zergling x5  
  21  7:18  Unknown x2  
  21  7:29  Unknown x8  
  55  8:09  Hydralisk x2, Mutalisk x4  
  55  8:16  Zergling x5  
  49  8:33  Unknown x8  
  93  8:50  Unknown x2  
  93  9:13  Hydralisk x2, Mutalisk x6  
  93  9:20  Zergling x5  
  67  9:37  Unknown x11  
  75  10:18  Hydralisk x2, Mutalisk x7, Unknown x2  
  73  10:25  Zergling x6  
  73  10:42  Unknown x11  
  117  11:07  Ultralisk  
  112  11:22  Hydralisk x3, Mutalisk x8  
  112  11:29  Zergling x8  
  112  11:45  Unknown x2  
  112  11:46  Unknown x12  
  154  12:11  Ultralisk  
  105  12:26  Hydralisk x3, Mutalisk x8  
  93  12:33  Zergling x8  
  93  12:50  Unknown x12  
  152  13:11  Unknown  
  151  13:16  Ultralisk  
  151  13:28  Unknown  
  151  13:31  Hydralisk x3, Mutalisk x9  
  106  13:38  Zergling x10  
  15  13:55  Unknown x13  
    14:20  Ultralisk x2  
    14:35  Hydralisk x3, Mutalisk x4  
    14:42  Zergling x11  
    14:52  Unknown  
    14:54  Unknown  
    14:59  Unknown x7  
  3  15:24  Ultralisk x2  
  3  15:39  Hydralisk x3, Mutalisk x4  
  3  15:46  Zergling x11  
    16:03  Unknown x7  
  44  16:28  Ultralisk x2  
  44  16:43  Hydralisk x3, Mutalisk x4  
  44  16:50  Zergling x10  
  9  17:07  Unknown x7  
  6  17:33  Ultralisk x2  
    17:48  Hydralisk x3, Mutalisk x4  
    17:55  Zergling x10  
    18:12  Unknown x7  
    18:37  Ultralisk x2  
    18:52  Hydralisk x3, Mutalisk x4  
    18:59  Zergling x10  
    19:16  Unknown x7  
    19:41  Ultralisk x2  
    19:56  Hydralisk x3, Mutalisk x4  
    20:03  Zergling x10  
    20:20  Unknown x7  
  59  20:46  Ultralisk x2  
    21:01  Hydralisk x3, Mutalisk x4  
    21:08  Zergling x10  
    21:25  Unknown x7  
Show
View Real Time Build Order
Export as new Build Order

Lawliet Protoss - Winner!

Build Orders: Colossus Rush 

Get SALT Encoding   

  80  0:56  Colossus  
  80  1:03  Unknown x10  
  98  1:37  Unknown  
  98  1:41  Unknown  
  98  1:45  Unknown  
  98  1:49  Unknown  
  98  1:50  Unknown  
  98  1:54  Unknown  
  98  1:58  Unknown  
  98  2:02  Unknown  
  98  2:06  Unknown  
  98  2:07  Unknown x17  
  111  2:10  Unknown  
  111  2:11  Unknown  
  111  2:14  Unknown  
  111  2:15  Unknown  
  94  2:18  Unknown  
  94  2:19  Unknown  
  94  2:22  Unknown  
  61  2:23  Unknown  
  61  2:26  Unknown  
  61  2:28  Unknown  
  49  2:31  Unknown  
  49  2:32  Unknown  
  49  2:35  Unknown  
  49  2:36  Unknown  
  46  2:39  Unknown  
  46  2:40  Unknown  
  46  2:43  Unknown  
  46  2:45  Unknown  
  46  2:48  Unknown  
  46  2:49  Unknown  
  36  2:59  Unknown x2  
  36  3:00  Unknown  
  36  3:03  Unknown x2  
  36  3:05  Unknown  
  24  3:07  Unknown  
  24  3:08  Unknown  
  24  3:09  Unknown  
  24  3:11  Unknown  
  24  3:12  Unknown x18  
  43  3:13  Unknown  
  43  3:16  Unknown x2  
  43  3:17  Unknown  
  43  3:20  Unknown x2  
  43  3:22  Unknown  
  43  3:24  Unknown  
  43  3:25  Unknown  
  43  3:26  Unknown  
  41  3:33  Unknown x3  
  41  3:34  Unknown  
  41  3:37  Unknown x2  
  41  3:38  Unknown  
  41  3:39  Unknown  
  41  3:41  Unknown x2  
  41  3:42  Unknown  
  41  3:43  Unknown x2  
  41  3:45  Unknown  
  41  3:46  Unknown x2  
  41  3:47  Unknown  
  35  3:50  Unknown x3  
  35  3:52  Unknown  
  35  3:54  Unknown x2  
  35  3:55  Unknown  
  35  3:56  Unknown  
  35  3:58  Unknown x2  
  35  3:59  Unknown  
  35  4:00  Unknown  
  35  4:02  Unknown  
  35  4:04  Unknown  
  35  4:16  Unknown x19  
  65  4:44  Unknown x4  
  65  4:45  Unknown  
  30  4:48  Unknown x4  
  30  4:49  Unknown  
  30  4:52  Unknown x2  
  30  4:53  Unknown x3  
  30  4:56  Unknown x2  
  30  4:57  Unknown x3  
  30  5:00  Unknown  
  30  5:01  Unknown x3  
  30  5:02  Unknown  
  30  5:05  Unknown x4  
  30  5:06  Unknown  
  30  5:09  Unknown x2  
  30  5:10  Unknown x2  
  30  5:20  Unknown x19  
  60  5:24  Unknown x2  
  60  5:25  Unknown x3  
  60  5:27  Unknown  
  60  5:28  Unknown  
  60  5:41  Unknown  
  60  5:46  Unknown, High Templar  
  51  6:06  Unknown x5  
  51  6:07  Unknown  
  51  6:11  Unknown x3  
  46  6:25  Unknown x20  
  78  6:50  High Templar  
  78  7:12  Unknown  
  78  7:29  Unknown x30  
  128  7:54  High Templar  
  110  8:29  Unknown x4  
  110  8:33  Unknown x29  
  133  8:58  High Templar  
  133  9:00  Unknown  
  129  9:32  Unknown  
  129  9:33  Unknown x4  
  129  9:37  Unknown x32  
  165  9:41  Unknown  
  165  9:42  Unknown  
  165  9:45  Unknown  
  165  9:46  Unknown  
  165  9:50  Unknown x2  
  165  9:54  Unknown  
  165  10:03  High Templar  
  142  10:07  Unknown  
  142  10:08  Unknown x6  
  142  10:10  Unknown x2  
  142  10:12  Unknown x6  
  142  10:13  Unknown  
  142  10:14  Unknown x2  
  126  10:16  Unknown x6  
  126  10:17  Unknown  
  126  10:18  Unknown x2  
  126  10:20  Unknown x3  
  126  10:21  Unknown x4  
  126  10:22  Unknown  
  126  10:25  Unknown  
  126  10:42  Unknown x30  
  177  10:47  Unknown  
  177  11:03  Unknown x8  
  177  11:04  Unknown x2  
  160  11:07  Unknown x5, High Templar  
  160  11:08  Unknown x5  
  145  11:12  Unknown x7  
  145  11:16  Unknown x3  
  145  11:46  Unknown x32  
  201  12:11  High Templar  
  201  12:21  Unknown  
  158  12:25  Unknown  
  158  12:29  Unknown  
  122  12:31  Unknown  
  122  12:32  Unknown x3  
  122  12:33  Unknown  
  122  12:35  Unknown  
  122  12:38  Unknown  
  122  12:41  Archon  
  122  12:42  Unknown  
  122  12:50  Unknown x41  
  179  13:00  Unknown  
  179  13:16  High Templar  
  170  13:21  Unknown  
  170  13:22  Unknown x2  
  170  13:23  Unknown  
  170  13:25  Unknown x3  
  170  13:26  Unknown x3  
  158  13:29  Unknown  
  158  13:30  Unknown x5  
  158  13:34  Unknown x5  
  158  13:35  Unknown  
  158  13:38  Unknown  
  158  13:39  Unknown  
  158  13:46  Archon  
  143  13:51  Unknown x6  
  143  13:52  Unknown x2  
  143  13:53  Unknown  
  143  13:55  Unknown x46  
  184  13:56  Unknown x2  
  184  13:58  Unknown  
  184  13:59  Unknown x2  
  184  14:00  Unknown x4  
  184  14:04  Unknown x6  
  184  14:08  Unknown x6  
  184  14:12  Unknown x5  
  184  14:13  Unknown  
  184  14:19  Unknown  
  184  14:20  High Templar  
  136  14:33  Unknown x3  
  136  14:34  Unknown x2  
  136  14:35  Unknown x2  
  136  14:36  Unknown x3  
  136  14:37  Unknown x5  
  136  14:38  Unknown x2  
  87  14:39  Unknown x2  
  87  14:40  Unknown x3  
  87  14:41  Unknown x5  
  87  14:42  Unknown x3  
  87  14:43  Unknown x3  
  87  14:44  Unknown x3  
  87  14:45  Unknown x5  
  87  14:46  Unknown x3  
  87  14:47  Unknown x2  
  87  14:48  Unknown x2  
  87  14:49  Unknown x5  
  87  14:50  Archon x2, Unknown x4  
  87  14:51  Unknown x2  
  87  14:52  Unknown x3  
  87  14:53  Unknown x4  
  87  14:54  Unknown x5  
  87  14:55  Unknown x2  
  87  14:56  Unknown x3  
  87  14:57  Unknown x3  
  87  14:58  Unknown x5  
  87  14:59  Unknown x45  
  169  15:00  Unknown x4  
  169  15:01  Unknown x3  
  169  15:02  Unknown x5  
  169  15:03  Unknown x3  
  169  15:04  Unknown x3  
  169  15:05  Unknown x2  
  169  15:06  Unknown x5  
  169  15:07  Unknown x4  
  169  15:08  Unknown x3  
  169  15:09  Unknown x3  
  169  15:10  Unknown x5  
  169  15:11  Unknown x3  
  169  15:12  Unknown x2  
  169  15:13  Unknown x4  
  156  15:14  Unknown x2  
  156  15:15  Unknown x4  
  156  15:16  Unknown x3  
  156  15:17  Unknown x4  
  156  15:18  Unknown x3  
  156  15:19  Unknown x4  
  156  15:20  Unknown x3  
  156  15:21  Unknown x3  
  133  15:22  Unknown x2  
  133  15:23  Unknown x5  
  133  15:24  High Templar, Unknown x3  
  133  15:25  Unknown x3  
  133  15:26  Unknown x3  
  133  15:27  Unknown x5  
  133  15:28  Unknown x4  
  102  15:29  Unknown x2  
  102  15:30  Unknown x4  
  102  15:31  Unknown x3  
  102  15:32  Unknown x7  
  102  15:33  Unknown x2  
  102  15:34  Unknown x4  
  102  15:35  Unknown x3  
  99  15:36  Unknown x7  
  99  15:37  Unknown x3  
  99  15:38  Unknown x4  
  99  15:39  Unknown  
  99  15:40  Unknown x7  
  99  15:41  Unknown x5  
  99  15:42  Unknown x2  
  99  15:43  Unknown x3  
  99  15:44  Unknown x6  
  99  15:45  Unknown x5  
  99  15:46  Unknown x2  
  99  15:47  Unknown x4  
  99  15:48  Unknown x3  
  99  15:49  Unknown x7  
  99  15:50  Unknown x3  
  99  15:51  Unknown x3  
  99  15:52  Unknown x3  
  99  15:53  Unknown x7  
  99  15:54  Archon x2, Unknown x3  
  99  15:55  Unknown x4  
  99  15:56  Unknown x2  
  99  15:57  Unknown x5  
  87  15:58  Unknown x4  
  87  15:59  Unknown x2  
  87  16:00  Unknown x2  
  87  16:01  Unknown x5  
  87  16:02  Unknown x4  
  87  16:03  Unknown x44  
  87  16:04  Unknown x3  
  165  16:05  Unknown x2  
  165  16:06  Unknown x3  
  165  16:07  Unknown x2  
  165  16:08  Unknown x2  
  165  16:09  Unknown  
  113  16:28  High Templar  
  113  16:58  Archon x3  
  97  17:01  Unknown x2  
  97  17:02  Unknown  
  97  17:06  Unknown x3  
  97  17:07  Unknown x42  
  145  17:10  Unknown x3  
  145  17:14  Unknown x3  
  136  17:18  Unknown x2  
  136  17:19  Unknown  
  136  17:23  Unknown x3  
  136  17:27  Unknown x3  
  136  17:31  Unknown x3  
  136  17:33  High Templar x2  
  136  17:35  Unknown x2  
  136  17:36  Unknown  
  136  17:54  Unknown  
  136  18:03  Archon x3  
  136  18:09  Unknown  
  136  18:12  Unknown x44  
  219  18:37  Unknown, High Templar x2  
  219  18:38  Unknown x4  
  219  18:39  Unknown  
  131  18:41  Unknown  
  131  18:42  Unknown x5  
  131  18:43  Unknown x2  
  131  18:45  Unknown x2  
  131  18:46  Unknown x4  
  131  18:47  Unknown x2  
  131  18:49  Unknown  
  131  18:50  Unknown x3  
  131  18:51  Unknown x3  
  131  18:54  Unknown x2  
  131  18:55  Unknown x3  
  131  18:59  Unknown x2  
  131  19:07  Archon x3  
  131  19:16  Unknown x44  
  205  19:17  Unknown x3  
  205  19:18  Unknown x3  
  205  19:19  Unknown  
  205  19:20  Unknown  
  205  19:21  Unknown  
  205  19:22  Unknown x4  
  205  19:23  Unknown  
  196  19:24  Unknown  
  196  19:26  Unknown x4  
  196  19:27  Unknown x2  
  196  19:30  Unknown x4  
  196  19:34  Unknown  
  196  19:39  Unknown  
  196  19:41  Unknown x2  
  196  19:43  Unknown  
  196  20:21  Unknown  
  196  20:22  Unknown x5  
  196  20:23  Unknown x3  
  196  20:24  Unknown x3  
  196  20:26  Unknown x3  
  196  20:27  Unknown x6  
  196  20:28  Unknown x3  
  196  20:30  Unknown  
  196  20:31  Unknown x5  
  196  20:32  Unknown x4  
  196  20:33  Unknown x2  
  196  20:34  Unknown  
  196  20:35  Unknown x5  
  196  20:36  Unknown x3  
  196  20:38  Unknown  
  196  20:39  Unknown x4  
  196  20:40  Unknown x3  
  196  20:46  Dark Templar, High Templar x2  
  159  20:53  Unknown x3  
  159  20:54  Unknown x2  
    21:16  Archon x3  
    21:25  Unknown x45  
  100  21:30  Unknown  
  97  21:50  Dark Templar, High Templar x3  
  60  21:57  Unknown  
  60  21:59  Unknown x2  
  53  22:02  Unknown  
  53  22:03  Unknown x2  
  53  22:06  Unknown  
  53  22:07  Unknown  
  53  22:10  Unknown  
  53  22:20  Archon x4  
  53  22:29  Unknown x47  
  165  22:54  Dark Templar, High Templar x3  
  165  22:56  Unknown  
  165  22:57  Unknown  
  70  23:01  Unknown x2  
  70  23:02  Unknown  
  34  23:17  Unknown  
  34  23:24  Archon x2  
  34  23:33  Unknown x47  
  140  23:58  Dark Templar, High Templar x3  
  140  24:28  Archon x2  
  140  24:37  Unknown x47  
  246  25:03  Unknown x2  
  214  25:50  Unknown  
  214  25:52  Unknown x4  
  214  25:54  Unknown  
  214  25:56  Unknown x3  
  207  25:57  Unknown  
  207  25:58  Unknown  
  207  26:00  Unknown  
  207  26:01  Unknown x2  
  207  26:03  Unknown  
  175  26:46  Carrier  
  175  26:55  Unknown  
  175  26:59  Unknown  
  175  27:11  Dark Templar, High Templar x3  
  175  27:30  Unknown x2  
  175  27:35  Unknown x4  
  43  27:39  Unknown  
  43  27:41  Archon x2  
  43  27:43  Unknown  
  31  27:48  Unknown  
  31  27:50  Unknown x57  
  31  27:51  Carrier x2  
  168  27:52  Unknown  
  163  28:16  Dark Templar, High Templar x3  
  31  28:45  Unknown  
  31  28:46  Archon x3  
  19  28:55  Unknown x59, Carrier  
  173  29:20  High Templar x2  
  173  29:50  Archon x3  
  170  29:59  Unknown x55  
  290  30:08  Unknown  
  290  30:10  Unknown  
  290  30:12  Unknown x4  
  288  30:14  Unknown  
  288  30:17  Unknown x4  
  275  30:32  Unknown  
  275  30:34  Unknown  
  275  30:35  Unknown x5  
  162  30:36  Unknown x2  
  162  30:39  Unknown x5  
  162  30:40  Unknown  
  160  30:43  Unknown x2  
  160  31:03  Carrier x2  
  158  31:24  Unknown x2  
  158  31:25  Unknown x3  
  141  31:26  Unknown x2  
  141  31:27  Unknown  
  141  31:28  Unknown, High Templar x3  
  141  31:29  Unknown x3  
  141  31:30  Unknown x2  
  141  31:31  Unknown  
  141  31:32  Unknown  
  115  31:33  Unknown x2  
  115  31:34  Unknown x2  
  115  31:35  Unknown  
  115  31:37  Unknown x2  
  115  31:38  Unknown  
  115  31:39  Unknown x2  
  99  31:41  Unknown x2  
  99  31:42  Unknown  
  99  31:43  Unknown x2  
  99  31:45  Unknown  
  99  31:46  Unknown x2  
  84  31:47  Unknown x2  
  84  31:50  Unknown x2  
  84  31:51  Unknown x2  
  84  31:52  Unknown  
  55  31:58  Archon x3  
  55  32:07  Unknown x55  
  209  32:20  Unknown  
Tags
 
Add a new tag
Caveats
  • Supply blocks, unpowered buildings, or Contaminate may cause inaccurate times.
  • Supply counts are checked every 10 seconds.